 Dungeon Crawl Stone Soup version 0.21.1-1-g345015f (webtiles) character file.

507 inc the Sneak (level 7, -5/41 HPs)
             Began as an Octopode Enchanter on Apr 24, 2018.
             Slain by a sky beast (6 damage)
             ... on level 5 of the Dungeon.
             The game lasted 00:05:35 (3058 turns).

inc the Sneak (Octopode Enchanter)                  Turns: 3058, Time: 00:05:36

Health: -5/41      AC:  1    Str:  8    XL:     7   Next: 18%
Magic:  1/10       EV: 13    Int: 19    God:
Gold:   204        SH:  0    Dex: 12    Spells: 4/10 levels left

rFire    . . .     SeeInvis .   e - +1 short sword (protect)
rCold    . . .     Gourm    .   (no shield)
rNeg     . . .     Faith    .   (helmet restricted)
rPois    .         Spirit   .   (no amulet)
rElec    .         Reflect  .   o - ring of flight
rCorr    +         Harm     .   s - ring of resist corrosion
MR       .....                  (no ring)
Stlth    ++++......             (no ring)
HPRegen  0.13/turn              (no ring)
MPRegen  0.12/turn              (no ring)
                                (no ring)
                                (no ring)

@: no status effects
A: almost no armour, stealthy swim, amphibious, 8 rings, constrict 8, camouflage
1, gelatinous body 1
a: Evoke Flight


You were on level 5 of the Dungeon.
You were not hungry.

You visited 1 branch of the dungeon, and saw 5 of its levels.

You collected 204 gold pieces.

Inventory:

Hand Weapons
 a - a +1 dagger
 e - a +1 short sword of protection (weapon)
 p - a +2 dagger of venom
Jewellery
 o - a ring of flight (left tentacle)
 s - a ring of resist corrosion (right tentacle)
Wands
 q - a wand of digging (15)
Scrolls
 d - 3 scrolls of identify
 g - a scroll of remove curse {unknown}
 h - 2 scrolls of amnesia {unknown}
 j - a scroll of enchant weapon {unknown}
 k - a scroll of random uselessness {unknown}
 l - 3 scrolls of enchant armour {unknown}
 n - a scroll of teleportation {unknown}
 r - a scroll of fog {unknown}
Potions
 i - 2 potions of haste
 m - a potion of degeneration
Books
 b - a book of Maledictions

   Spells                             Type                      Level
   a - Corona                         Hexes                        1
   b - Ensorcelled Hibernation        Hexes/Ice                    2
   c - Confuse                        Hexes                        3
   d - Tukima's Dance                 Hexes                        3
   e - Dazzling Spray                 Conjuration/Hexes            3
Comestibles
 c - 2 rations


   Skills:
 - Level 2.0 Short Blades
 - Level 2.0 Dodging
 - Level 7.4 Stealth
 - Level 2.0 Spellcasting
 - Level 3.0 Hexes
 + Level 5.4 Ice Magic


You had 4 spell levels left.
You knew the following spells:

 Your Spells              Type           Power        Failure   Level  Hunger
a - Corona                Hex            ##.....      4%          1    #......
b - Ensorcelled Hibernat  Hex/Ice        ###...       4%          2    ###....
c - Confuse               Hex            ##......     14%         3    ###....


Dungeon Overview and Level Annotations

Branches:
Dungeon (5/15)             Temple (0/1) D:5

Altars:
Cheibriados
Elyvilon
Makhleb
Nemelex Xobeh

Shops:
D:4 =%   D:5 *

Annotations:
D:3 inc's ghost, amateur OpEn


Innate Abilities, Weirdness & Mutations

You cannot wear most types of armour.
You are very stealthy in the water. (Stealth+)
You are amphibious.
You can wear up to eight rings at the same time.
You can use your tentacles to constrict eight enemies at once.
Your skin changes colour to match your surroundings (Stealth+).
Your rubbery body absorbs attacks. (AC +1, EV +1)


Message History

The sky beast looks drowsy...
The helpless sky beast fails to defend itself.
You impale the sky beast!!
Your weapon exudes an aura of protection.
The sky beast is almost dead.
The sky beast hits you.
* * * LOW HITPOINT WARNING * * *
The sky beast shocks you.
* * * LOW HITPOINT WARNING * * *
You barely miss the sky beast.
The sky beast is almost dead.
The sky beast hits you but does no damage.
You barely miss the sky beast.
The sky beast is almost dead.
The sky beast flickers out of sight!
Deactivating autopickup; reactivate with Ctrl-A.
Something hits you.
* * * LOW HITPOINT WARNING * * *
Something shocks you.
You die...

#.......##.# #.......##.#######
###.......##.#.....#
...................##
..#.<.....##........#
#.#(......###.......##########
#.....##.#########.....#.....##
....#..........##.............##
....#..........#@.....(........#
....#...(......{...............#
...............................#
....#..........#...............#
#....†.....#...............#
#.........................##
#.)..(...(.........(.....##
#.))....?....#.......#####
#..).......########..#


There were no monsters in sight!

Vanquished Creatures
  An ogre (D:5)
  A centaur (D:5)
  An orc wizard (D:3)
  A hound (D:3)
  A bullfrog skeleton (D:4)
  A centaur skeleton (D:4)
  Jessica (D:2)
  A worker ant (D:2)
  7 adders
  5 oozes
  3 dart slugs
  3 leopard geckos
  8 orcs
  6 bats
  5 giant cockroaches
  4 goblins
  2 hobgoblins
  11 jackals
  9 kobolds
  A quokka (D:5)
  2 ball pythons
  5 frilled lizards
  A leopard gecko skeleton (D:4)
  7 rats
87 creatures vanquished.

Notes
Turn   | Place    | Note
-------+----------+-------------------------------------------
     0 | D:1      | inc the Octopode Enchanter began the quest for the Orb.
     0 | D:1      | Reached XP level 1. HP: 11/11 MP: 3/3
   245 | D:1      | Reached XP level 2. HP: 17/17 MP: 5/5
   662 | D:1      | Reached XP level 3. HP: 21/21 MP: 6/6
   682 | D:1      | Reached skill level 5 in Stealth
  1049 | D:2      | Reached skill level 6 in Stealth
  1049 | D:2      | Reached XP level 4. HP: 21/27 MP: 7/7
  1233 | D:2      | Reached skill level 7 in Stealth
  1240 | D:2      | Reached XP level 5. HP: 6/31 MP: 8/8
  1435 | D:2      | Learned a level 2 spell: Ensorcelled Hibernation
  1439 | D:2      | Learned a level 3 spell: Confuse
  1440 | D:2      | Found a burning altar of Makhleb.
  1528 | D:2      | Noticed Jessica
  1547 | D:2      | Killed Jessica
  1547 | D:2      | Reached skill level 1 in Ice Magic
  1781 | D:3      | Noticed inc's ghost (amateur OpEn)
  1783 | D:3      | Reached XP level 6. HP: 24/36 MP: 4/9
  1817 | D:4      | Found Coxzad's Jewellery Shoppe.
  2066 | D:4      | Found a white marble altar of Elyvilon.
  2068 | D:4      | Found a sparkling altar of Nemelex Xobeh.
  2184 | D:4      | Found a snail-covered altar of Cheibriados.
  2570 | D:4      | Found Qaba's Food Shop.
  2931 | D:5      | Entered Level 5 of the Dungeon
  2981 | D:5      | Found a staircase to the Ecumenical Temple.
  3014 | D:5      | Found Hostrit's Assorted Antiques.
  3031 | D:5      | Reached skill level 5 in Ice Magic
  3031 | D:5      | Reached XP level 7. HP: 11/41 MP: 3/10
  3058 | D:5      | HP: 1/41 [something (2)]
  3058 | D:5      | Slain by a sky beast

Skill      XL: |  1  2  3  4  5  6 |
---------------+-------------------+-----
Short Blades   | 2 |  2.0
Stealth        | 6 7 |  7.4
Ice Magic      | 2 5 |  5.4
Dodging        | |  2.0
Spellcasting   | |  2.0
Hexes          | |  3.0

Action                   |  1- 3 |  4- 6 |  7- 9 || total
-------------------------+-------+-------+-------++-------
Melee: Dagger            |    17 |       |       ||    17
       Constrict         |    18 |    22 |     2 ||    42
       Tentacles         |     9 |    18 |       ||    27
       Short sword       |    54 |   113 |    10 ||   177
 Cast: Ensorcelled Hiber |       |    15 |     3 ||    18
       Corona            |       |     1 |       ||     1
       Confuse           |       |     1 |       ||     1
  Use: Potion            |       |     1 |     1 ||     2
       Scroll            |       |     2 |       ||     2
 Stab: Sleeping          |    12 |    26 |     2 ||    40
  Eat: Chunk             |       |     6 |       ||     6
       Ration            |       |       |     1 ||     1
Armor: Skin              |    16 |    34 |     3 ||    53
Dodge: Dodged            |    57 |    63 |     2 ||   122
